Map: Lightshade LE

Players

Eleven - Winner!

  • Race: Zerg Zerg
  • League: Diamond
  • Spawn Location: 11:00

BeNeFiT

  • Race: Protoss Protoss
  • League: Diamond
  • Spawn Location: 5:00

VOD

Have the link to the VOD?

Description

Time

  • Played on: Feb. 6, 2021, 10:36 p.m.
  • Length: 4:29
Show
View Real Time Build Order
Export as new Build Order

Eleven Zerg - Winner!

Build Orders: Pool Only 

Get SALT Encoding   

  12  0:00  Drone  
  13  0:15  Extractor  
  12  0:24  Spawning Pool  
  12  0:28  Drone  
  12  0:35  Drone  
  13  0:38  Drone  
  14  0:50  Overlord  
  14  1:12  Zergling x6  
  17  1:19  Metabolic Boost  
  17  1:23  Zergling x2  
  18  1:33  Queen  
  20  1:40  Zergling x2  
  20  1:46  Zergling x2  
  21  2:10  Lair  
  21  2:15  Zergling x4  
  21  2:20  Zergling x2  
  22  2:40  Overlord  
  22  2:58  Zergling x8  
  25  3:08  Nydus Network  
  24  3:13  Zergling x2  
  24  3:14  Zergling x6  
  28  3:21  Zergling x2  
  29  3:45  Nydus Canal  
  29  3:48  Zergling x2  
  29  3:50  Overlord  
  30  4:07  Nydus Canal  
  30  4:11  Zergling x6  
Show
View Real Time Build Order
Export as new Build Order

BeNeFiT Protoss 

Build Orders:  

Get SALT Encoding   

  12  0:00  Probe  
  13  0:12  Probe  
  14  0:18  Pylon  
  14  0:24  Probe  
  15  0:37  Gateway  
  15  0:39  Probe (Chrono Boost)  
  16  0:49  Assimilator, Probe (Chrono Boost)  
  17  0:54  Probe (Chrono Boost)  
  18  1:06  Probe  
  19  1:18  Probe  
  20  1:24  Zealot (Chrono Boost)  
  22  1:27  Cybernetics Core  
  22  1:28  Pylon  
  22  1:30  Gateway  
  22  1:41  Probe  
  23  1:48  Zealot (Chrono Boost)  
  25  2:08  Adept  
  27  2:16  Nexus  
  27  2:21  Probe  
  28  2:25  Assimilator  
  28  2:30  Adept  
  28  2:33  Warp Gate, Probe  
  31  2:49  Shield Battery  
  31  2:51  Pylon  
  31  2:58  Shield Battery  
  31  3:08  Shield Battery  
  31  3:09  Probe  
  28  3:12  Stalker  
  34  3:21  Probe (Chrono Boost)  
  35  3:28  Stargate  
  35  3:30  Probe (Chrono Boost)  
  35  3:33  Probe (Chrono Boost)  
  37  3:40  Probe (Chrono Boost)  
  37  3:41  Probe (Chrono Boost)  
  37  3:47  Probe  
  38  3:56  Stalker  
  18  4:24  Pylon  
Tags
 
Add a new tag
Caveats
  • Supply blocks, unpowered buildings, or Contaminate may cause inaccurate times.
  • Supply counts are checked every 10 seconds.